[Event "*** SCC Grand Prix: Titled Tuesday Blitz"]
[Site "Chess.com"]
[Date "2020.08.25"]
[Round "4"]
[White "tigra"]
[Black "Thee-Chessboy"]
[Result "1-0"]
[WhiteElo "2892"]
[BlackElo "2526"]
[TimeControl "180+1"]
[EndTime "10:42:23 PDT"]
[Termination "tigra won by resignation"]

1. e4 c5 2. Nf3 d6 3. d4 cxd4 4.
Nxd4 Nf6 5. Nc3 a6 6. Be2 e5 7. Nb3 Be7 8. O-O O-O 9. Bf3 Be6 10. Qe2 Nbd7 11. Rd1 Rc8 12. Nd2 b5 13. a3 Nb6 14.
Nf1 Nc4 15. b3 Nxa3 16. Bxa3 Rxc3 17. Bb2 Rc5 18. b4 Rc6 19. Ne3 Qc7 20. h3 Rc8 21. Kh2 g6 22. g3 h5 23. Bg2 h4 24. g4 Nh7 25. c3 Bg5 26. Nd5 Bxd5 27. Rxd5 Rb6 28.
Rd3 Bf4+ 29. Kh1 Ng5 30. Qd1 Rc6 31. Ra5 Qb6 32. Qe2 Rc4 33. Ra1 R8c6 34. Rd5 Ne6 35. Bf1 Bg5 36. Qf3 Nf4 37. Bxc4 Rxc4 38. Rdd1 Qc6 39.
Re1 Bd8 40. Ra3 Bb6 41. Bc1 Ne6 42. Bd2 Qb7 43. Ra2 Rc8 44. Qf6 Bd8 45. Qf3 Qc6 46. Kg2 Bg5 47. Rd1 Bxd2 48. Raxd2 Nf4+ 49. Kg1 Rd8 50. Kh2 Kg7 51. g5 Qb6 52. Rg1 Ne6 53.
Rg4 Nf4 54. Rxh4 d5 55. exd5 Qd6 56. Qe4 Rc8 57. Rd1 Rc4 58. Qe3 Nh5 59. Rxc4 bxc4 60. Qc5 Qd8 61. d6 Qxg5 62. d7 Qf4+ 63. Kg2 Qg5+ 64.
Kh2 Qf4+ 65. Kg1 Qg5+ 66. Kf1 Nf4 67. d8=Q Qg2+ 68. Ke1 Qg1+ 69. Kd2 Qg5 70. Qcf8+ 1-0

[Event "*** SCC Grand Prix: Titled Tuesday Blitz"]
[Site "Chess.com"]
[Date "2020.08.25"]
[Round "4"]
[White "SilviusTiberius"]
[Black "Legendinunknown"]
[Result "1-0"]
[WhiteElo "2476"]
[BlackElo "2654"]
[TimeControl "180+1"]
[EndTime "10:42:24 PDT"]
[Termination "SilviusTiberius won by resignation"]

1. e4 e5 2. Nf3 Nc6 3. Bb5 a6 4. Ba4 Nf6 5. O-O Nxe4 6. d4 b5 7. Bb3 d5 8. dxe5 Be6 9. Be3 Be7 10. Qe2 O-O 11. Rd1 Bc5 12. c4 bxc4 13. Bxc4 Bxe3 14.
Qxe3 Qb8 15. Bb3 Na5 16. Nbd2 Qb6 17. Nxe4 Qxe3 18. fxe3 Nxb3 19. axb3 dxe4 20. Nd4 Rfb8 21. Rdc1 Bxb3 22. Rxc7 Bd5 23. Ra5 Be6 24. Nxe6 fxe6 25. Rc6 Rxb2 26. Rxe6 Rc8 27. h4 Rcc2 28. Raxa6 Rxg2+ 29.
Kf1 Rgf2+ 30. Kg1 Rfe2 31. Ra1 Rxe3 32. Rf1 h5 33. Rg6 Rh3 34. e6 Rb7 35. Rf4 e3 36. Re4 Re7 37. Kg2 Kh7 38. Rg5 Rxh4 39. Rxh4 Rxe6 40.
Rgxh5+ Kg8 41. Rh8+ Kf7 42. Rf4+ Kg6 43. Kf1 Kg5 44. Rf3 Kg4 45. Ke2 g5 46. Rxe3 Ra6 47. Re4+ Kg3 48. Rg8 Ra5 49. Rd4 Re5+ 50. Kf1 Kf3 51.
Rf8+ Kg3 52. Rd3+ Kg4 53. Kg2 Re2+ 54. Rf2 Re4 55. Rg3+ Kh4 56. Rf8 g4 57. Rh8+ Kg5 58.
Rg8+ Kf5 59. Ra3 Kf4 60. Rf8+ Kg5 61. Kg3 Rb4 62. Ra5+ Kg6 63. Rf4 Rb1 64. Kxg4 Rg1+ 65. Kf3 Rf1+ 66. Kg3 Rg1+ 67. Kf2 Rc1 68. Ra3 Kg5 69.
Rf8 Rc2+ 70. Kg3 Rc5 71. Kh3 Kh6 72. Rg3 Kh7 73. Rf4 Rh5+ 74. Rh4 1-0

[Event "*** SCC Grand Prix: Titled Tuesday Blitz"]
[Site "Chess.com"]
[Date "2020.08.25"]
[Round "4"]
[White "AldokhinIvan"]
[Black "dosto07"]
[Result "1-0"]
[WhiteElo "2549"]
[BlackElo "2325"]
[TimeControl "180+1"]
[EndTime "10:42:26 PDT"]
[Termination "AldokhinIvan won on time"]

1. d4 d5 2. c4 dxc4 3. e4 e5 4. Nf3 exd4 5. Bxc4 Nc6 6. O-O Be6 7. Nbd2 Bc5 8. a3 a6 9. b4 Bb6 10. Bb2 Nf6 11. Qb3 Bxc4 12. Nxc4 O-O 13. e5 Ne4 14. Rad1 Qd5 15. Qd3 h6 16. Rfe1 Ng5 17. Nxg5 hxg5 18. Bc1 Rfe8 19. Ne3 Qxe5 20. Nc2 Qf6 21. Bb2 Rxe1+ 22.
Rxe1 Rd8 23. Qg3 Qf4 24. Qd3 Ne5 25. Qf1 d3 26. Bxe5 Qxf2+ 27. Qxf2 Bxf2+ 28. Kxf2 dxc2 29. Rc1 Rd2+ 30. Ke3 Rxg2 31. Bxc7 f6 32. Kd3 Kf7 33. Rxc2 Rg1 34. a4 Ke6 35. a5 Rb1 36. Kc4 f5 37.
Re2+ Kd7 38. Be5 f4 39. Bxg7 g4 40. Bd4 f3 41. Rd2 Kc6 42. Be5 Rc1+ 43. Kb3 Re1 44. Bg3 Rb1+ 45. Kc4 Rc1+ 46. Kd4 Kb5 47. Rb2 Rc4+ 48.
Ke3 Ka4 49. Bd6 Ka3 50. Rb1 Ka4 51. Rb2 Ka3 52. Rd2 Ka4 53. Bc5 Rc1 54. Kf2 Rc4 55. Kg3 Kb3 56. Rd4 Kc3 57. Rxc4+ Kxc4 58. Kxg4 f2 59. Bxf2 Kxb4 60. Be1+ Kc4 61. Kg5 Kd5 62. h4 Ke6 63. Kg6 Ke5 64. h5 Kf4 65. h6 Kf3 66. h7 Ke2 67. Bb4 Kd3 68. h8=Q Kc4 69. Qc3+ Kb5 70. Qc5+ 1-0

[Event "*** SCC Grand Prix: Titled Tuesday Blitz"]
[Site "Chess.com"]
[Date "2020.08.25"]
[Round "4"]
[White "maximnovik"]
[Black "Mazetovic"]
[Result "1/2-1/2"]
[WhiteElo "2474"]
[BlackElo "2665"]
[TimeControl "180+1"]
[EndTime "10:42:28 PDT"]
[Termination "Game drawn by agreement"]

1. d4 Nf6 2. c4 g6 3. Nc3 Bg7 4. e4 d6 5. Be2 O-O 6. Nf3 Na6 7. O-O e5 8. Be3 c6 9. dxe5 dxe5 10. h3 Qe7 11. a3 Nc5 12. Qc2 Nh5 13. b4 Ne6 14.
Rfd1 Nhf4 15. Bf1 a5 16. c5 axb4 17. axb4 Rxa1 18. Rxa1 Nd4 19. Nxd4 exd4 20. Bxf4 dxc3 21. Bd6 Qe6 22. Bxf8 Kxf8 23. Ra8 Ke7 24. Bd3 Bd4 25. Qc1 Bd7 26. Qg5+ Bf6 27. Qf4 Be5 28. Qh6 Be8 29. Qxh7 Qd7 30. Qh4+ Bf6 31. Qg3 Bd4 32. Kf1 f6 33.
Qd6+ Qxd6 34. cxd6+ Kd7 35. Ke2 Bf7 36. Rb8 Kxd6 37. Rxb7 Bb3 38. g3 c2 39. Kd2 Bxf2 40.
Bxc2 Be6 41. g4 g5 42. Bd3 Bd4 43. Ke2 Bc3 44. Rb8 Be5 45. Rb7 Bc8 46. Ra7 Be6 47.
Ra6 Bc8 48. Rb6 Kc7 49. Ra6 Bxa6 50. Bxa6 Bd6 51. b5 Kb6 52. Kd3 cxb5 53. Bc8 Kc5 54. Be6 Be5 55. Kc2 Kd4 56. Bf5 b4 57. Kb3 Bd6 58.
Be6 Kxe4 59. Bf5+ Kf4 60. Be6 Kg3 61. Bf5 Kxh3 62. Be6 Kg3 63. Bf5 Kf4 64. Be6 Ke5 65. Bf5 Bc5 66. Bd7 Kd4 67. Bf5 Be7 68. Bd7 Bd6 69.
Bf5 Kc5 70. Bd7 Kb6 71. Bf5 Kc7 72. Be6 f5 73. Bxf5 Kd8 74. Be6 Ke7 75. Bf5 Kf6 76. Bd7 Ke5 77. Bf5 Kf4 78. Be6 Ke5 79. Bf5 Kf4 1/2-1/2

[Event "*** SCC Grand Prix: Titled Tuesday Blitz"]
[Site "Chess.com"]
[Date "2020.08.25"]
[Round "4"]
[White "profofchess"]
[Black "MikeSailer"]
[Result "1/2-1/2"]
[WhiteElo "2419"]
[BlackElo "2174"]
[TimeControl "180+1"]
[EndTime "10:42:34 PDT"]
[Termination "Game drawn - insufficient material"]

1. e4 d5 2. exd5 Qxd5 3. Nc3 Qd6 4. d4 Nf6 5. Nf3 c6 6. Ne5 Nbd7 7. Nc4 Qc7 8. Qf3 Nb6 9. Bf4 Qd7 10. Ne5 Qxd4 11.
Bd3 Nbd5 12. Nxd5 Qxd5 13. Qe2 Qa5+ 14. Bd2 Qc7 15. O-O-O e6 16. g4 Bd6 17. f4 Nd5 18. Kb1 g5 19. Rde1 Nxf4 20. Bxf4 gxf4 21. Nc4 Bd7 22.
Rhf1 O-O-O 23. Nxd6+ Qxd6 24. Qe5 Qxe5 25. Rxe5 f6 26.
Ra5 e5 27. Rxa7 Bxg4 28. Rg1 h5 29. Ra4 Kc7 30. Kc1 Rhg8 31. a3 Bf3 32. Rf1 e4 33.
Bxe4 Bxe4 34. Rxe4 Rg2 35. Rexf4 Rdd2 36. Rc4 Rxh2 37.
Rxf6 Rdf2 38. Rxf2 Rxf2 39. Rh4 Rf5 40. a4 Kd6 41. Kd2 Ke6 42. b4 Kf6 43. Rh1 Kg5 44.
Rg1+ Kf6 45. Rg8 h4 46. Rh8 Rf4 47. c3 Kg5 48. Rh7 b6 49. a5 bxa5 50. bxa5 Ra4 51. Rg7+ Kh5 52. Rh7+ Kg4 53. Rg7+ Kh3 54. Rg6 Rxa5 55.
Rxc6 Rd5+ 56. Ke3 Rg5 57. Rh6 Kg3 58. Kd4 h3 59. c4 Rg4+ 60. Kd5 Rh4 61. Rg6+ Kf4 62.
Ra6 h2 63. Rf6+ Ke3 64. Rf1 h1=Q+ 65. Rxh1 Rxh1 66. c5 Rc1 67. c6 Kf4 68. Kd6 Kf5 69. c7 Kf6 70. Kd7 Rd1+ 71. Kc6 Rc1+ 72. Kb7 Ke7 73.
c8=Q Rxc8 74. Kxc8 1/2-1/2

[Event "*** SCC Grand Prix: Titled Tuesday Blitz"]
[Site "Chess.com"]
[Date "2020.08.25"]
[Round "4"]
[White "brute4ever"]
[Black "ElGasanov"]
[Result "0-1"]
[WhiteElo "2495"]
[BlackElo "2756"]
[TimeControl "180+1"]
[EndTime "10:42:38 PDT"]
[Termination "ElGasanov won by resignation"]

1. e4 c5 2. Nf3 Nc6 3. Bb5 Nf6 4.
e5 Nd5 5. Nc3 Nc7 6. Bxc6 dxc6 7.
h3 Bf5 8. O-O e6 9. d3 Be7 10.
b3 O-O 11. Bb2 h6 12. a4 Nd5 13. Re1 Nxc3 14. Bxc3 Qd5 15. Nd2 Rfd8 16. Nc4 Bg6 17. Ne3 Qd7 18. Qg4 b5 19. h4 h5 20. Qf4 a6 21. Nf1 Qd5 22. Ne3 Qd7 23. Nf1 Rab8 24. Re3 Qd5 25. Rg3 Rdc8 26. Ne3 Qd8 27. Rh3 Ra8 28.
g4 Bxh4 29. gxh5 Bg5 30. Qg4 Bh7 31. Rg3 Bh6 32. Kh2 Qe7 33. Rag1 Kh8 34. Rf3 Rg8 35. Rfg3 Rad8 36. Bb2 Rd7 37. Ng2 Bf5 38. Qf3 Rd5 39. Ne3 Qd7 40. Nxf5 exf5 41. e6 Qxe6 42. axb5 axb5 43.
Bc1 f4 44. Rg4 Rxh5+ 45. Kg2 Qf5 46. Re1 Rg5 47. Rxg5 Qxg5+ 48. Kf1 Qf6 49. Re4 Qa1 50. Qd1 Qf6 51. Qf3 Qf5 52. Bd2 Qf6 53. c3 Ra8 54. Ke2 Ra2 55. Re8+ Kh7 56. Qe4+ g6 57. Qf3 Qxc3 58. Kf1 Qxd2 59. Kg2 Qc3 60. Qxc6 Qxd3 61. Qf3 Qxf3+ 62. Kxf3 Ra3 63. Kg4 Rxb3 64. f3 f5+ 65. Kh4 Kg7 66. Re7+ Kf6 67. Rb7 Bg5+ 68. Kh3 Rxf3+ 69.
Kg2 Rb3 70. Kf2 c4 71. Rb6+ Ke5 72. Rxb5+ Rxb5 73. Kf3 Bh4 0-1

[Event "*** SCC Grand Prix: Titled Tuesday Blitz"]
[Site "Chess.com"]
[Date "2020.08.25"]
[Round "4"]
[White "WIDBIFS"]
[Black "dopolian"]
[Result "1/2-1/2"]
[WhiteElo "2671"]
[BlackElo "2479"]
[TimeControl "180+1"]
[EndTime "10:42:40 PDT"]
[Termination "Game drawn - insufficient material"]

1. d4 Nf6 2. Nf3 g6 3. g3 Bg7 4.
Bg2 O-O 5. O-O c5 6. c4 cxd4 7. Nxd4 Nc6 8. Nc3 d6 9. Nb3 Be6 10. Nd5 Bxd5 11. cxd5 Ne5 12. Bd2 Rc8 13. Bc3 Qb6 14.
Qd4 Qxd4 15. Nxd4 a6 16. a4 Rc5 17. Nb3 Rc7 18. Bxe5 dxe5 19. a5 e4 20. Ra4 Rd8 21.
Rd1 Rxd5 22. Rxd5 Nxd5 23. Bxe4 e6 24. Nd4 Kf8 25. e3 Nf6 26. Bf3 Ne8 27. Rb4 Nd6 28.
Rb6 Ke7 29. Be2 e5 30. Nf3 e4 31. Nd4 Bxd4 32. exd4 Ke6 33. Kg2 Kd5 34. Rb4 Rc2 35.
Kf1 Rc1+ 36. Kg2 f5 37. h4 Rc7 38. f3 h6 39. fxe4+ Nxe4 40. g4 f4 41. Bf3 g5 42.
hxg5 hxg5 43. Rb6 Re7 44. Rg6 Kxd4 45. Rg8 Ke3 46. Rd8 Rc7 47. Bxe4 Kxe4 48. Re8+ Kd4 49. Rd8+ Ke3 50. Re8+ Kd2 51. Re5 Kc2 52. b4 Rg7 53. Kf3 Kc3 54. b5 axb5 55. Rxb5 Kc4 56. Rf5 Kb4 57.
Re5 Kc4 58. Rf5 Kd4 59. Rb5 Kc4 60. Rb6 Kc5 61. Rf6 Re7 62. Rf5+ Kb4 63. Rxg5 Re3+ 64. Kxf4 Re1 65. Rf5 Rf1+ 66. Kg5 Rg1 67. Kf4 Rh1 68. g5 Rg1 69. Ke5 Kxa5 70. Kf6+ Ka4 71. g6 b5 72. Rg5 Rf1+ 73. Ke7 Re1+ 74. Kd7 Rd1+ 75. Ke6 Rd8 76. g7 Rg8 77. Kf7 Rxg7+ 78. Kxg7 b4 79. Rg2 b3 80. Kf6 Ka3 81. Ke5 b2 82. Rg3+ Ka2 83. Rg2 Ka1 84. Rxb2 Kxb2 1/2-1/2

[Event "*** SCC Grand Prix: Titled Tuesday Blitz"]
[Site "Chess.com"]
[Date "2020.08.25"]
[Round "4"]
[White "Arjun2002"]
[Black "Anton_Demchenko"]
[Result "1-0"]
[WhiteElo "2713"]
[BlackElo "2837"]
[TimeControl "180+1"]
[EndTime "10:42:41 PDT"]
[Termination "Arjun2002 won by resignation"]

1. e4 e5 2. Nf3 Nc6 3. Bb5 a6 4. Ba4 Nge7 5. O-O Ng6 6. c3 d6 7. d4 Bd7 8. Be3 Be7 9. Nbd2 O-O 10. h3 b5 11. Bb3 exd4 12. cxd4 Na5 13. Bc2 c5 14.
Rc1 Rc8 15. Bb1 Re8 16. Re1 Bf6 17. dxc5 Bxb2 18. Rc2 Ba3 19. cxd6 Bxd6 20. Nd4 Ne5 21.
Rxc8 Bxc8 22. N2f3 Nac4 23. Bc1 Bb4 24. Rf1 Bc5 25.
Nxe5 Nxe5 26. Nb3 Bb6 27. Qe2 Qh4 28. Be3 Bc7 29. Nd2 Be6 30. Rc1 Bb8 31. Bd4 Qf4 32. Be3 Qf6 33. Bd4 Qg5 34. Be3 Qf6 35.
Nf1 Bc4 36. Qd2 Rd8 37. Qa5 Re8 38. Ng3 g6 39. Qb6 Qxb6 40. Bxb6 h5 41. Rd1 Nc6 42. Nf1 Bf4 43. Ne3 Be6 44. Nd5 Be5 45. Bc2 Rb8 46. Be3 Bg7 47. Bb3 Rb7 48. Rc1 Na5 49. Bd1 Nc4 50. Bc5 Rd7 51. Bf3 Bxd5 52. exd5 Ne5 53. Be4 f5 54. Bc2 Rxd5 55. Bb3 Nc4 56. Rxc4 bxc4 57.
Bxc4 Kf7 58. Bxd5+ Ke8 59. Kf1 Kd7 60. Bf7 Kc6 61.
Be3 g5 62. Bxh5 f4 63. Bd2 Kb5 64. Be2+ Kb6 65. g3 Be5 66. gxf4 gxf4 67. Kg2 Kc5 68.
Kf3 Bg7 69. Bxf4 Kb4 70. Be3 a5 71. Bd3 Ka3 72. Bc4 Kb4 73. Be6 a4 74. h4 Ka3 75.
h5 Bc3 76. h6 Bh8 77. h7 Bf6 78. Ke4 Bh8 79. Bd4 Bg7 80. Bxg7 Kb4 81. h8=Q 1-0

[Event "*** SCC Grand Prix: Titled Tuesday Blitz"]
[Site "Chess.com"]
[Date "2020.08.25"]
[Round "4"]
[White "amintabatabaei"]
[Black "FontVella8"]
[Result "0-1"]
[WhiteElo "2982"]
[BlackElo "2486"]
[TimeControl "180+1"]
[EndTime "10:42:41 PDT"]
[Termination "FontVella8 won by checkmate"]

1. e4 e5 2. Nf3 Nc6 3. Bc4 Bc5 4. c3 Nf6 5. d4 exd4 6. cxd4 Bb4+ 7. Bd2 Nxe4 8.
Bxb4 Nxb4 9. Bxf7+ Kxf7 10. Qb3+ d5 11. Ne5+ Kf6 12. Qxb4 c5 13. Qa4 Qe8 14. Qxe8 Rxe8 15. O-O cxd4 16. Nf3 d3 17. Rd1 Bf5 18. Rxd3 Ng5 19.
Rd1 Nxf3+ 20. gxf3 d4 21. Na3 d3 22. Rd2 Rac8 23.
Rad1 a6 24. Kg2 Rc5 25. Nb1 Bg6 26. Nc3 Rg5+ 27. Kh1 Rge5 28. Kg2 Rg5+ 29. Kh1 Rge5 30. a3 Re1+ 31. Kg2 Kg5 32. Kg3 Rxd1 33. Rxd1 h5 34. h4+ Kf6 35. Nd5+ Kf7 36. Nf4 Rd8 37. Rd2 Rd4 38.
Ng2 Bf5 39. Ne3 Kf6 40. f4 g6 41. Kf3 Be4+ 42. Kg3 Bf5 43. Nd1 Ke6 44. Nc3 Kd6 45.
Kf3 Kc5 46. Ke3 Rd8 47. f3 Kc4 48. Ne4 Kb3 49. Nc5+ Ka2 50. a4 Re8+ 51. Kf2 Kb1 52. b4 Kc1 53. Nb3+ Kb1 54. a5 Rc8 55. Nd4 Rc2 56.
Ke3 Kc1 57. Nb3+ Kb2 58. Nc5 Kc3 59. Na4+ Kxb4 60. Nb6 Kc3 61. Nd5+ Kc4 62. Ne7 Rxd2 63.
Kxd2 Kb5 64. Kc3 Kxa5 65. Nd5 b5 66. Ne3 b4+ 67. Kc4 Ka4 68. Nd1 Ka3 69. Nf2 a5 70. Nd1 a4 71. Kd4 b3 72. Kc3 Ka2 73. Nb2 a3 74. Nc4 b2 75. Kd4 b1=Q 76. Ke3 d2 77. Kxd2 Qd3+ 78. Ke1 Qxc4 79. Kf2 Qxf4 80. Kg2 Qxh4 81. f4 Qxf4 82. Kg1 Qg3+ 83. Kh1 Be4# 0-1

[Event "*** SCC Grand Prix: Titled Tuesday Blitz"]
[Site "Chess.com"]
[Date "2020.08.25"]
[Round "4"]
[White "Kaliopa"]
[Black "Kassimov_B"]
[Result "0-1"]
[WhiteElo "2197"]
[BlackElo "2417"]
[TimeControl "180+1"]
[EndTime "10:42:44 PDT"]
[Termination "Kassimov_B won on time"]

1. d4 Nf6 2. c4 b6 3. Nc3 Bb7 4. f3 Nc6 5. e4 e5 6. d5 Nd4 7. Be3 Bc5 8. Qd2 O-O 9. Nge2 Nxe2 10.
Bxe2 d6 11. O-O-O Nh5 12. g3 Bxe3 13. Qxe3 g6 14. f4 exf4 15. gxf4 Qh4 16. Rdf1 Rae8 17. Kb1 f5 18. e5 dxe5 19. fxe5 f4 20. Qd4 Ng7 21.
Ne4 Nf5 22. Qc3 Ne3 23. Rf3 Qe7 24. Nf6+ Rxf6 25. exf6 Qd6 26. Bd3 c6 27. Re1 cxd5 28. f7+ Kxf7 29. Qd4 Kg8 30. Rxf4 Qe5 31. Qxe5 Rxe5 32.
cxd5 Bxd5 33. Rf2 Ng4 34. Rxe5 Nxe5 35. Bc2 Kg7 36. Rd2 Bc6 37. Re2 Kf6 38. Kc1 h5 39. Rf2+ Ke7 40. h4 Nf3 41. Bxg6 Nxh4 42. Bxh5 Ke6 43.
Re2+ Kd6 44. Rd2+ Kc7 45. Rc2 Kb7 46. Kd2 Nf5 47. Bg4 Nd4 48. Rc4 Nb5 49. Ke3 a5 50.
a4 Nd6 51. Rd4 Nf7 52. Be6 Ne5 53. Bd5 Bxd5 54. Rxd5 Nc4+ 55. Kd4 Nxb2 56. Kc3 Nxa4+ 57. Kb3 Nc5+ 58. Kb2 Kc6 59. Rh5 Kb5 60. Rh6 a4 61. Rh5 Ka5 62. Rh4 b5 63. Rh5 Nd3+ 64. Kc3 Nb4 65.
Rh4 Na6 66. Rh5 Kb6 67. Rh6+ Ka5 68. Rh5 Nb4 69. Rh6 Nd5+ 70. Kd4 Nb6 71. Rh5 a3 72. Kc3 Ka4 73. Rh6 Nc4 74. Ra6+ Na5 75. Kc2 b4 0-1

[Event "*** SCC Grand Prix: Titled Tuesday Blitz"]
[Site "Chess.com"]
[Date "2020.08.25"]
[Round "4"]
[White "Manukyan_Artak"]
[Black "bratkoo"]
[Result "1-0"]
[WhiteElo "2336"]
[BlackElo "2530"]
[TimeControl "180+1"]
[EndTime "10:42:47 PDT"]
[Termination "Manukyan_Artak won by checkmate"]

1. e4 g6 2. d4 Bg7 3. c4 c5 4. d5 d6 5. Nc3 Nd7 6. Bg5 a6 7. Qd2 Qa5 8. a4 Ngf6 9. Nf3 O-O 10. Bd3 e6 11. O-O exd5 12. exd5 Ng4 13. Be7 Qc7 14. Bxf8 Nxf8 15. Rae1 Bd7 16. h3 Ne5 17. Nxe5 dxe5 18. b3 f5 19. g3 Re8 20. Rd1 Qd6 21. Rfe1 Bc8 22. Bf1 Nd7 23. a5 Nf6 24. Bg2 Re7 25. Na4 Bf8 26. Rb1 Bd7 27. Nb6 Re8 28. Rb2 e4 29. Reb1 Qe5 30. Qf4 Qxf4 31. gxf4 Rd8 32. f3 e3 33. Re2 Nh5 34. Rxe3 Nxf4 35.
Nxd7 Rxd7 36. Re8 Kf7 37. Rbe1 Bd6 38. Rh8 Kf6 39. Ree8 Bc7 40. Bf1 Bxa5 41. h4 Bc3 42.
Rd8 Bd4+ 43. Kh1 Rxd8 44. Rxd8 Ke7 45. Rb8 b5 46. cxb5 axb5 47. Bxb5 Nxd5 48. Rb7+ Kf6 49. Rxh7 Ke5 50. Be8 Nf4 51. Rf7 Bf2 52. h5 gxh5 53.
Re7+ Kf6 54. Rc7 h4 55. Bd7 h3 56. Bc8 Kg5 57. Rg7+ Kh4 58. Bxf5 Nh5 59. Rh7 Kg5 60. Bg4 Ng3+ 61. Kh2 Ne2 62. Kxh3 Nf4+ 63. Kh2 Kf6 64. Rc7 Ke5 65. Rf7 Be1 66. Rf5+ Kd4 67. Rxf4+ Kc3 68.
Rc4+ Kxb3 69. Rxc5 Bd2 70. Rd5 Bf4+ 71. Kg2 Kc4 72. Rf5 Bd6 73. f4 Kd4 74. Kf3 Bc7 75. Rf7 Bd6 76. Rd7 Kd5 77. Rxd6+ Kxd6 78. Ke4 Ke7 79.
f5 Kf6 80. Kf4 Kf7 81. Bf3 Kf6 82. Ke4 Ke7 83. Ke5 Kf7 84. f6 Kg8 85. Bd5+ Kh7 86. Ke6 Kh6 87. Ke7 Kg6 88. f7 Kf5 89. f8=Q+ Ke5 90. Qf6+ Kxd5 91. Qd6+ Ke4 92. Kf6 Kf3 93.
Qe5 Kg4 94. Qf5+ Kh4 95. Qg6 Kh3 96. Kf5 Kh4 97. Kf4 Kh3 98. Qg3# 1-0

[Event "*** SCC Grand Prix: Titled Tuesday Blitz"]
[Site "Chess.com"]
[Date "2020.08.25"]
[Round "4"]
[White "AlexTriapishko"]
[Black "Shield12"]
[Result "0-1"]
[WhiteElo "2704"]
[BlackElo "2868"]
[TimeControl "180+1"]
[EndTime "10:42:50 PDT"]
[Termination "Shield12 won by resignation"]

1. e4 c5 2. Nf3 Nc6 3. d4 cxd4 4.
Nxd4 Nf6 5. Nc3 d6 6. Bc4 e6 7.
Bb3 Be7 8. O-O O-O 9. Be3 a6 10. f4 Qc7 11. f5 Nxd4 12. Bxd4 Bd7 13. Qd3 b5 14. fxe6 Bxe6 15. a3 Rac8 16. Rad1 Bc4 17.
Qg3 Kh8 18. Rf5 Qd7 19. Qh4 Qe6 20. Qg3 Bxb3 21. cxb3 Qxb3 22. Rd2 Qe6 23. Rdf2 Rc4 24. Qd3 Ng4 25. Rd2 Bf6 26. Bxf6 Nxf6 27. Qxd6 Kg8 28.
Qxe6 fxe6 29. Re5 Rc6 30. h3 h6 31. Kh2 Kf7 32. a4 b4 33. Ne2 Rfc8 34. Nf4 g5 35. Nd3 Rd8 36. Ra5 Kg7 37. Nxb4 Rxd2 38. Nxc6 Nxe4 39.
Rxa6 Rxb2 40. Ra7+ Kf6 41. a5 Ra2 42. a6 Nc5 43.
Nb4 Ra4 44. Rc7 Nxa6 45. Nxa6 Rxa6 46. Rh7 Kg6 47. Re7 Rd6 48. Kg3 Rd3+ 49. Kf2 Kf6 50. Rh7 Kg6 51. Re7 Rd6 52. Kf3 Rb6 53. g4 Rb3+ 54. Kg2 Re3 55. Kf2 Re5 56. Kf3 h5 57.
Re8 h4 58. Rg8+ Kf7 59. Rd8 Rb5 60. Rd3 Kf6 61. Ke4 Rb4+ 62. Kf3 Ke5 63. Re3+ Kd5 64. Ra3 Rc4 65. Ke3 e5 66. Kd3 Rd4+ 67. Ke3 Rc4 68. Kd3 Rc5 69. Ra4 e4+ 70. Kd2 Ke5 71.
Rb4 Kf4 72. Rb3 e3+ 73. Rxe3 Rc2+ 74. Kd3 Rc3+ 75. Kxc3 Kxe3 76. Kc4 Kf3 77. Kd3 Kg3 78. Ke4 Kxh3 79. Kf5 Kg3 80. Kxg5 h3 81. Kf5 h2 82. g5 h1=Q 83. g6 Qh8 84. g7 Qxg7 0-1

[Event "*** SCC Grand Prix: Titled Tuesday Blitz"]
[Site "Chess.com"]
[Date "2020.08.25"]
[Round "4"]
[White "Moon_stone123"]
[Black "KatarinaOstojic"]
[Result "1/2-1/2"]
[WhiteElo "2527"]
[BlackElo "2314"]
[TimeControl "180+1"]
[EndTime "10:42:56 PDT"]
[Termination "Game drawn by repetition"]

1. e4 c5 2. Nf3 d6 3. d4 cxd4 4.
Nxd4 Nf6 5. Nc3 a6 6. h3 e5 7. Nde2 h5 8. Bg5 Be6 9. g3 Be7 10. Bg2 Nbd7 11. Qd2 O-O 12. a4 Rc8 13. O-O Nb6 14. b3 Re8 15. a5 Nbd7 16. Na4 Qc7 17.
c4 Nc5 18. Nxc5 dxc5 19. Bxf6 Bxf6 20. Nc3 Rcd8 21. Nd5 Bxd5 22. cxd5 Rd6 23. Rfc1 b6 24. axb6 Qxb6 25. Qa5 Qxb3 26. Qxc5 Red8 27. Rc3 Qb2 28. Rca3 Be7 29. Qc1 Qb5 30. Ra5 Qd3 31. Qf1 Qd4 32. Rxa6 Rxa6 33. Rxa6 Bc5 34. Ra2 Rb8 35. Kh2 Rb2 36.
Rxb2 Qxb2 37. f4 exf4 38. Qxf4 Qa3 39. e5 Be3 40. Qe4 Qc1 41. h4 Qg1+ 42. Kh3 Bf2 43. d6 Qd1 44. e6 Qg4+ 45. Qxg4 hxg4+ 46. Kxg4 fxe6 47. d7 Bb6 48. Kg5 Kf7 49. Bc6 Bc7 50. Kg4 Kf6 51. Kh5 Ke7 52. g4 Kf6 53. g5+ Kf7 54. Ba4 Bd8 55. Kg4 Bc7 56. Kf3 Kg6 57. Kg4 Kf7 58. Bb5 Bd8 59. Kh3 Bc7 60. Ba4 Bd8 61.
Kg2 Kg6 62. Bc2+ Kf7 63. Kf3 Bc7 64. Ke4 Ke7 65. Ba4 Kf7 66. Kd4 Bb6+ 67. Kc4 Bd8 68.
Kb5 Kg6 69. Bd1 e5 70. Kc6 Kf5 71. Kd5 Kf4 72. Ke6 Kg3 73. h5 Bxg5 74. Kxe5 Kh4 75. Ke6 Bf6 76. Kf7 Kg5 77. Be2 Kh6 78. Bd1 Bg5 79. Be2 Bf6 80. Bd1 Bg5 81. Ke8 Bf6 82. Kf7 1/2-1/2

[Event "*** SCC Grand Prix: Titled Tuesday Blitz"]
[Site "Chess.com"]
[Date "2020.08.25"]
[Round "4"]
[White "RusPakhom"]
[Black "ketster"]
[Result "1/2-1/2"]
[WhiteElo "2283"]
[BlackElo "2444"]
[TimeControl "180+1"]
[EndTime "10:42:59 PDT"]
[Termination "Game drawn - insufficient material"]

1. e4 e5 2. Nf3 Nc6 3. Bc4 Nf6 4. Ng5 d5 5. exd5 Na5 6. Bb5+ c6 7. dxc6 bxc6 8.
Qf3 Rb8 9. Bd3 Be7 10. O-O h6 11. Ne4 Nd5 12. Ng3 Nf4 13. Bf5 O-O 14. Bxc8 Qxc8 15. d4 Ne6 16. dxe5 Nc4 17. Nf5 Qc7 18. Qg3 Qxe5 19.
Qxe5 Nxe5 20. Nxe7+ Kh8 21. Nf5 Rfd8 22. Nc3 Nd4 23. Bf4 Nxf5 24. Bxe5 Rxb2 25. Rad1 Re8 26. Rfe1 Rxc2 27. g4 Nh4 28. Bxg7+ Kxg7 29. Rxe8 Rxc3 30. Re3 Rc2 31. Ra3 c5 32. Rxa7 Nf3+ 33. Kg2 Nd2 34. a4 Ne4 35. Rf1 c4 36. a5 Ra2 37. a6 c3 38. Rc1 Rxf2+ 39. Kg1 Ra2 40. Re7 Ng5 41.
Rxc3 Rxa6 42. h4 Ra1+ 43. Kg2 Ra2+ 44. Kg3 Ne6 45. Rf3 Nd8 46. Rd7 Ra8 47. g5 hxg5 48. hxg5 Kg6 49. Kg4 Ra4+ 50. Rf4 Rxf4+ 51. Kxf4 Ne6+ 52.
Kg4 Nxg5 53. Rd6+ f6 54. Ra6 Nf7 55. Kf4 Ne5 56. Ra8 Nf7 57. Rg8+ Kh7 58. Rg1 Nh6 59. Rg2 Nf7 60. Kf5 Nh6+ 61. Kxf6 Ng8+ 62. Kf7 Nh6+ 63. Kf8 Nf5 64. Rg5 Nd6 65. Ke7 Ne4 66. Rg4 Nf2 67. Rg2 Ne4 68. Kf7 Kh6 69. Ke6 Kh5 70. Kf5 Nd6+ 71. Ke5 Nf7+ 72. Kf6 Nd6 73. Ke6 Nc4 74. Kd5 Ne3+ 75. Ke4 Nxg2 1/2-1/2

[Event "*** SCC Grand Prix: Titled Tuesday Blitz"]
[Site "Chess.com"]
[Date "2020.08.25"]
[Round "4"]
[White "varacalli"]
[Black "vovachesss"]
[Result "1/2-1/2"]
[WhiteElo "2387"]
[BlackElo "2583"]
[TimeControl "180+1"]
[EndTime "10:43:04 PDT"]
[Termination "Game drawn by repetition"]

1. e4 e5 2. Nf3 d5 3. exd5 e4 4. Qe2 Nf6 5. Nc3 Be7 6. Nxe4 O-O 7. Nxf6+ Bxf6 8. Qd1 Qxd5 9. Be2 c5 10. O-O Nc6 11. d3 Re8 12. c3 Bf5 13. Be3 Rad8 14. Qa4 b6 15. Rfd1 Ne5 16. Nxe5 Bxe5 17. Bf3 Qd6 18. g3 Bxd3 19. Qxa7 Bxg3 20. hxg3 Rxe3 21. Bg2 Re7 22. Qa4 c4 23. Re1 h5 24. Qc6 Rc7 25. Re8+ Kh7 26. Rxd8 Rxc6 27. Rxd6 Rxd6 28. Rd1 Kg6 29.
Be4+ Kf6 30. Bxd3 cxd3 31. f3 g5 32. Kf2 Kf5 33. Ke3 h4 34. g4+ Ke5 35. c4 d2 36.
b4 h3 37. c5 bxc5 38. bxc5 Rd8 39. c6 h2 40. c7 Rc8 41. Kxd2 Rxc7 42. Rh1 Ra7 43.
Ke3 Rxa2 44. Rb1 Ra3+ 45. Kf2 Ra2+ 46. Kg3 Kf6 47. Rh1 Ke5 48. Rd1 Ke6 49. Kh3 f5 50. gxf5+ Kxf5 51. Kg3 Rb2 52. Rd5+ Ke6 53. Rd1 Ke5 54.
Rc1 Kf5 55. Rd1 Kf6 56. Rc1 Kf5 57. Rd1 Rb3 58. Kxh2 Rxf3 59. Kg2 Ra3 60. Rb1 Kg4 61.
Kg1 Kg3 62. Rc1 g4 63. Rb1 Kh3 64. Rc1 Ra2 65. Rb1 Rc2 66. Ra1 Rb2 67. Rc1 Rg2+ 68. Kh1 Rh2+ 69. Kg1 Rb2 70. Ra1 Rc2 71. Rb1 g3 72.
Ra1 Rb2 73. Rc1 Ra2 74. Rd1 Re2 75. Rb1 Rg2+ 76. Kh1 Rh2+ 77. Kg1 Rd2 78. Ra1 Rg2+ 79. Kh1 Rb2 80. Kg1 g2 81. Ra3+ Kg4 82. Ra1 Kf3 83.
Ra3+ Kf4 84. Ra1 Rc2 85. Rb1 Rc3 86. Kxg2 Rc2+ 87. Kg1 Kg3 88. Rb3+ Kf4 89. Rb8 Kg3 90. Rg8+ Kf3 91. Rf8+ Kg3 92. Rg8+ Kh3 93. Rh8+ Kg3 94.
Rg8+ 1/2-1/2